 Dungeon Crawl Stone Soup version 0.30-a0-141-g30f27751c5 (webtiles) character file.

Game seed: 1535660496629592018

8603 qw the Cleaver (level 11, -14/71 HPs)
             Began as a Gargoyle Fighter on Sept 25, 2022.
             Was an Elder of Okawaru.
             Killed by the air
             ... invoked by Gastronok
              (29 damage)
             ... on level 10 of the Dungeon.
             The game lasted 00:04:13 (10628 turns).

qw the Cleaver (Gargoyle Fighter)                  Turns: 10628, Time: 00:04:14

Health: -14/71     AC: 26    Str: 35    XL:     11   Next: 33%
Magic:  12/14      EV:  9    Int: 10    God:    Okawaru [****..]
Gold:   345        SH:  5    Dex:  5    Spells: 10/10 levels left

rFire   . . .      SeeInvis .    g - +7 war axe
rCold   + + .      Faith    .    c - +0 buckler
rNeg    + . .      Spirit   .    k - +0 plate armour
rPois   inf        Reflect  .    (no helmet)
rElec   +          Harm     .    (no cloak)
rCorr   .          Rampage  .    r - +2 pair of gloves
Will    .....                    (no boots)
Stlth   ..........               (no amulet)
HPRegen 0.21/turn                j - ring "Vimyc" {rElec rC++ Str+6 Dex-4}
MPRegen 0.14/turn                b - +6 ring of strength

@: heroic, very slow
A: sickness immunity, AC +8, negative energy resistance 1, electricity
resistance, torment resistance 1, petrification resistance
a: Renounce Religion, Heroism, Finesse


You were on level 10 of the Dungeon.
You worshipped Okawaru.
Okawaru was greatly pleased with you.
You visited 2 branches of the dungeon, and saw 12 of its levels.

You collected 534 gold pieces.
You spent 189 gold pieces at shops.


Innate Abilities, Weirdness & Mutations

You are immune to sickness and miasma.
Your stone body is resilient. (AC +8)
You are immune to poison.
You resist negative energy. (rN+)
You are resistant to electric shocks. (rElec)
You are resistant to unholy torment.
You are immune to petrification.


   Skills:
 - Level 9.2(14.2) Fighting
 - Level 11.0(16.0) Axes
 - Level 4.7(9.7) Throwing
 + Level 6.2(11.2) Armour
 - Level 3.0(8.0) Dodging
 - Level 5.7(10.7) Shields
 + Level 4.1 Invocations


You had 10 spell levels left.
You didn't know any spells.
Your spell library was empty.

Inventory:

Hand Weapons
 g - a +7 war axe (weapon)
 l - a +2 vampiric morningstar
Missiles
 a - a boomerang
 w - 4 silver javelins (quivered)
Armour
 c - a +0 buckler (worn)
 k - a +0 plate armour (worn)
 q - a +3 scale mail of fire resistance
 r - a +2 pair of gloves (worn)
Jewellery
 b - a +6 ring of strength (right hand)
 j - the ring "Vimyc" (left hand) {rElec rC++ Str+6 Dex-4}
   (You found it on level 9 of the Dungeon)

   [ring of strength]

   Str:       It affects your strength (+6).
   Dex:       It affects your dexterity (-4).
   rC:        It greatly protects you from cold.
   rElec:     It insulates you from electricity.
 s - a ring of resist corrosion
 Y - a +6 ring of dexterity
Scrolls
 i - 2 scrolls of identify
Potions
 d - a potion of might
 e - a potion of lignification
 f - 5 potions of curing
 h - a potion of cancellation
 n - a potion of attraction
 u - 4 potions of haste

Dungeon Overview and Level Annotations

Branches:
Dungeon (11/15)            Temple (1/1) D:7
   Lair: D:8-11         Orc: D:9-12

Altars:
Ashenzari
Cheibriados
Dithmenos
Elyvilon
Fedhas
Gozag
Hepliaklqana
Makhleb
Nemelex Xobeh
Okawaru
Qazlal
Ru
Sif Muna
Trog
Uskayaw
Vehumet
Wu Jian
Yredelemnul
Zin
The Shining One

Shops:
D:5 [

Annotations:
D:3 2 runed translucent doors, qw's ghost, amateur GrFi
D:7 1 runed translucent door, qw's ghost, novice GrFi
D:10 Gastronok


Message History

You barely miss the bat. The bat hits you but does no damage.
Gastronok bubbles merrily.
You slice the electric eel!!
You kill the electric eel!
Okawaru accepts your kill.
You hear a splash.
The bat closely misses you.
The electric eel shoots out a bolt of lightning at you!
The bolt of electricity misses you.
You closely miss the bat.
You feel like a meek peon again. The bat hits you but does no damage.
Gastronok's eyestalks stretch out, then return to normal size.
10622 ||| INVOKING Heroism.
You gain the combat prowess of a mighty hero.
You block the bat's attack.
The electric eel shoots out a bolt of lightning at you!
The bolt of electricity hits you but does no damage.
The bat barely misses you.
You slice the electric eel!!
You kill the electric eel!
Okawaru accepts your kill.
You hear a splash.
You slash the bat!
You kill the bat!
The bat's corpse disappears in a puff of smoke!
You enter the shallow water.
Moving in this stuff is going to be slow.
Things that are here:
an electric eel corpse; an electric eel corpse You hit Gastronok.
Gastronok is lightly wounded.
Gastronok barely misses you.
Your unstable footing causes you to fumble your attack.
You slice Gastronok!!
Gastronok is lightly wounded.
Gastronok waves his eye-stalks in wide circles.
The air twists around and strikes you!!
You die...

#############
#...........#
#..)........#
#....>).....##
#...)......... ..#.#
#.....@~~~.~.# ###.#.#
#.~~~~~w~~~~~#
..#.#.####~~~~~~~~~~~~~~
#~~.~~~~~~~~~~~~~~~~~~~~
~~~~~~~~~~~~~~~~~~~~~~~~
~~~~~~~~~~~~~~~~~~~~~~~~
~#~~~~~~~~~~~~~~....~.~~
###~~.~~~~~~###........~
#.....##~~###


You could see Gastronok.

Vanquished Creatures
  Harold (D:10)
  A hydra (D:9)
  A two-headed ogre (D:9)
  A lindwurm (shapeshifter) (D:9)
  Pikel (D:9)
  A kobold demonologist (D:11)
  Psyche (D:8)
  2 trolls
  A shadow (D:9)
  A yak (D:9)
  A wraith (D:9)
  A wyvern (D:9)
  A steam dragon (D:8)
  2 acid dragons
  2 water moccasins
  4 sky beasts
  2 ice beasts
  2 orc warriors
  2 ogres
  A centaur (D:8)
  4 lemures (D:9)
  3 kobold brigands
  A bullfrog (D:7)
  A necrophage (D:6)
  A gnoll sergeant (D:7)
  A scorpion (D:4)
  4 wights (D:8)
  20 killer bees
  4 electric eels (D:10)
  A jelly (D:4)
  9 hounds
  5 orc priests
  A gnoll bouda (D:7)
  Ijyb (D:4)
  3 iguanas
  6 orc wizards
  13 adders
  6 gnolls (D:7)
  A white imp (D:7)
  An ufetubus (D:5)
  4 worms
  5 dart slugs
  35 orcs
  13 ball pythons
  6 bats
  6 endoplasms
  8 giant cockroaches
  12 hobgoblins
  20 kobolds
  3 quokkas
  3 frilled lizards
  10 goblins
  7 rats
247 creatures vanquished.

Vanquished Creatures (others)
  3 fungi (D:2)
  9 plants (D:10)
12 creatures vanquished.

Grand Total: 259 creatures vanquished

Notes
Turn   | Place    | Note
-------+----------+-------------------------------------------
     0 | D:1      | qw the Gargoyle Fighter began the quest for the Orb.
     0 | D:1      | Reached XP level 1. HP: 14/14 MP: 1/1
     0 | D:1      | 0 ||| qw: Version: 0.2-a-10-g399e6c4
     0 | D:1      | 0 ||| qw: Game counter: 231
     0 | D:1      | 0 ||| qw: Always use a shield: true
     0 | D:1      | 0 ||| qw: God list: Okawaru
     0 | D:1      | 0 ||| qw: Allow faded altars: false
     0 | D:1      | 0 ||| qw: Do Orc after D:15 true
     0 | D:1      | 0 ||| qw: Do second Lair branch before Depths: true
     0 | D:1      | 0 ||| qw: Lair rune preference: random
     0 | D:1      | 0 ||| qw: Plans: Normal, Zot:1-4, God:TSO, Crypt, Tomb,
                  | Pan, Slime:5, Hells, Abyss, Orb
     0 | D:1      | 0 ||| PLANNING D:1-11
    26 | D:1      | Found a faded altar of an unknown god.
    90 | D:1      | Reached skill level 2 in Axes
   149 | D:1      | 149 ||| Stepping ~*~*~tactically~*~*~ (hiding).
   154 | D:1      | Reached XP level 2. HP: 19/19 MP: 2/2
   216 | D:1      | 216 ||| Stepping ~*~*~tactically~*~*~ (stealth).
   355 | D:1      | Reached skill level 3 in Axes
   394 | D:1      | 394 ||| Stepping ~*~*~tactically~*~*~ (stealth).
   408 | D:1      | Reached XP level 3. HP: 23/23 MP: 3/3
   413 | D:1      | 413 ||| Stepping ~*~*~tactically~*~*~ (stealth).
   747 | D:1      | 747 ||| READING scroll labelled ICVUDAAKUN.
   748 | D:1      | 748 ||| READING scroll labelled QOBUTZ FUOST.
   811 | D:2      | 811 ||| Stepping ~*~*~tactically~*~*~ (hiding).
  1128 | D:2      | Reached XP level 4. HP: 23/28 MP: 4/4
  1255 | D:2      | Reached skill level 4 in Axes
  1314 | D:2      | 1314 ||| FLEEEEING.
  1535 | D:2      | 1535 ||| Stepping ~*~*~tactically~*~*~ (stealth).
  1897 | D:2      | 1897 ||| Stepping ~*~*~tactically~*~*~ (stealth).
  1979 | D:2      | 1979 ||| UPGRADING to +0 chain mail.
  1989 | D:2      | 1989 ||| DROPPING +0 scale mail.
  1990 | D:2      | 1990 ||| UPGRADING to amulet of guardian spirit.
  1995 | D:2      | 1995 ||| UPGRADING to ring of resist corrosion.
  1996 | D:2      | 1996 ||| READING scroll labelled CESKUA WANN.
  1997 | D:2      | 1997 ||| READING 2 scrolls labelled CIUXEGRU WYGI.
  1998 | D:2      | 1998 ||| READING scroll labelled XETHRAT KE WARGH.
  1999 | D:2      | 1999 ||| DRINKING 2 sedimented ruby potions.
  2000 | D:2      | 2000 ||| DROPPING scroll of poison.
  2111 | D:3      | Found a white marble altar of Elyvilon.
  2344 | D:3      | Reached XP level 5. HP: 32/32 MP: 5/5
  2406 | D:3      | Found a blossoming altar of Fedhas.
  2435 | D:3      | Found an ornate altar of the Wu Jian Council.
  2561 | D:3      | Found a large runed translucent door.
  2564 | D:3      | Found a large runed translucent door.
  2565 | D:3      | Noticed qw's ghost (amateur GrFi)
  2900 | D:3      | 2900 ||| READING 2 scrolls labelled KESEOG BOSH.
  2901 | D:3      | 2901 ||| READING 3 scrolls labelled MAKAOGGANKO.
  2902 | D:3      | 2902 ||| DROPPING scroll of fog.
  2903 | D:3      | 2903 ||| DROPPING 2 scrolls of magic mapping.
  2935 | D:4      | 2935 ||| STAIRDANCE
  3006 | D:4      | Reached skill level 5 in Axes
  3006 | D:4      | 3006 ||| STAIRDANCE
  3447 | D:4      | Reached XP level 6. HP: 36/38 MP: 6/6
  3565 | D:4      | 3565 ||| READING scroll of enchant weapon.
  3565 | D:4      | 3565 ||| ENCHANTING +1 war axe.
  3645 | D:4      | 3645 ||| DROPPING +0 whip.
  3723 | D:4      | Noticed an ice beast
  3743 | D:4      | Killed an ice beast
  3744 | D:4      | Reached skill level 6 in Axes
  4061 | D:4      | Reached skill level 1 in Dodging
  4061 | D:4      | Reached XP level 7. HP: 43/43 MP: 7/7
  4192 | D:4      | Noticed Ijyb
  4212 | D:4      | Killed Ijyb
  4504 | D:4      | 4504 ||| READING scroll of enchant weapon.
  4504 | D:4      | 4504 ||| ENCHANTING +2 war axe.
  4771 | D:4      | 4771 ||| UPGRADING to +3 scale mail of fire resistance.
  4781 | D:4      | 4781 ||| UPGRADING to +2 pair of gloves.
  4786 | D:4      | 4786 ||| DROPPING ring of wizardry.
  4787 | D:4      | 4787 ||| READING scroll labelled PITZICU QITESU.
  4792 | D:4      | 4792 ||| READING 3 scrolls labelled XAVVI PEP ROE.
  4793 | D:4      | 4793 ||| READING scroll labelled EMOETH VAESI.
  4894 | D:4      | 4894 ||| READING scroll labelled MIPEET UQESUY.
  4895 | D:4      | 4895 ||| DRINKING 2 silvery potions.
  4896 | D:4      | 4896 ||| READING 2 scrolls of identify.
  4896 | D:4      | 4896 ||| IDENTIFYING fizzy pink potion
  4897 | D:4      | 4897 ||| DROPPING potion of berserk rage.
  4937 | D:5      | Entered Level 5 of the Dungeon
  4969 | D:5      | Found Waihyadd's Antique Armour Emporium.
  4974 | D:5      | 4974 ||| SHOPLISTING glowing chain mail (202 gold, have
                  | 189).
  4974 | D:5      | 4974 ||| SHOPLISTING pair of runed boots (202 gold, have
                  | 189).
  4974 | D:5      | 4974 ||| SHOPLISTING plate armour (621 gold, have 189).
  4974 | D:5      | 4974 ||| BUYING runed ring mail (189 gold).
  4974 | D:5      | Bought a runed ring mail for 189 gold pieces
  4974 | D:5      | 4974 ||| SHOPLISTING shiny scale mail (189 gold, have 0).
  5043 | D:5      | Reached skill level 7 in Axes
  5392 | D:5      | Reached XP level 8. HP: 28/50 MP: 4/8
  5712 | D:5      | Reached skill level 1 in Throwing
  5754 | D:5      | 5754 ||| DROPPING +1 ring mail of poison resistance.
  5755 | D:5      | 5755 ||| DROPPING scarf of invisibility.
  5756 | D:5      | 5756 ||| DRINKING 2 ruby potions.
  5757 | D:5      | 5757 ||| READING 2 scrolls of identify.
  5757 | D:5      | 5757 ||| IDENTIFYING pink potion
  5758 | D:5      | 5758 ||| DROPPING potion of flight.
  5797 | D:6      | 5797 ||| Stepping ~*~*~tactically~*~*~ (hiding).
  5856 | D:6      | 5856 ||| Stepping ~*~*~tactically~*~*~ (stealth).
  5881 | D:6      | Found a radiant altar of Vehumet.
  5882 | D:6      | Found an opulent altar of Gozag.
  6006 | D:6      | Found a shadowy altar of Dithmenos.
  6041 | D:6      | 6041 ||| Stepping ~*~*~tactically~*~*~ (stealth).
  6044 | D:6      | 6044 ||| Stepping ~*~*~tactically~*~*~ (stealth).
  6050 | D:6      | 6050 ||| Stepping ~*~*~tactically~*~*~ (stealth).
  6071 | D:6      | Reached skill level 8 in Axes
  6140 | D:6      | Found a stormy altar of Qazlal.
  6270 | D:6      | 6270 ||| Stepping ~*~*~tactically~*~*~ (stealth).
  6271 | D:6      | 6271 ||| Stepping ~*~*~tactically~*~*~ (stealth).
  6370 | D:6      | Reached skill level 6 in Fighting
  6696 | D:6      | 6696 ||| UPGRADING to +6 ring of dexterity.
  6697 | D:6      | 6697 ||| UPGRADING to +6 ring of strength.
  6727 | D:7      | Found a shimmering blue altar of Sif Muna.
  6758 | D:7      | 6758 ||| Stepping ~*~*~tactically~*~*~ (hiding).
  6973 | D:7      | Reached XP level 9. HP: 55/56 MP: 7/9
  7051 | D:7      | Found a runed translucent door.
  7051 | D:7      | Noticed qw's ghost (novice GrFi)
  7070 | D:7      | Reached skill level 9 in Axes
  7087 | D:7      | 7087 ||| READING scroll of enchant weapon.
  7087 | D:7      | 7087 ||| ENCHANTING +3 war axe.
  7135 | D:7      | Found a hide-covered altar of Uskayaw.
  7416 | D:7      | Found a staircase to the Ecumenical Temple.
  7417 | D:7      | 7417 ||| PLANNING TEMPLE
  7417 | D:7      | 7417 ||| READING scroll labelled TEIVOKO HIUSO.
  7418 | D:7      | 7418 ||| READING scroll labelled ZEADGH ROQODGH.
  7469 | D:7      | 7469 ||| READING 2 scrolls of identify.
  7469 | D:7      | 7469 ||| IDENTIFYING bubbling yellow potion
  7478 | Temple   | Entered the Ecumenical Temple
  7480 | Temple   | 7480 ||| PLANNING OKAWARU WORSHIP
  7529 | Temple   | Became a worshipper of Warmaster Okawaru
  7530 | Temple   | 7530 ||| PLANNING D:1-11
  7530 | Temple   | 7530 ||| REMOVING amulet of guardian spirit.
  7535 | Temple   | 7535 ||| DROPPING amulet of guardian spirit.
  7813 | D:8      | 7813 ||| Stepping ~*~*~tactically~*~*~ (hiding).
  7814 | D:8      | 7814 ||| Stepping ~*~*~tactically~*~*~ (hiding).
  7821 | D:8      | Reached skill level 3 in Throwing
  7877 | D:8      | 7877 ||| Stepping ~*~*~tactically~*~*~ (hiding).
  7894 | D:8      | 7894 ||| Stepping ~*~*~tactically~*~*~ (hiding).
  7904 | D:8      | Reached * piety under Okawaru
  8052 | D:8      | 8052 ||| READING 2 scrolls of enchant weapon.
  8052 | D:8      | 8052 ||| ENCHANTING +4 war axe.
  8053 | D:8      | 8053 ||| READING scroll of enchant weapon.
  8053 | D:8      | 8053 ||| ENCHANTING +5 war axe.
  8088 | D:8      | 8088 ||| INVOKING Heroism.
  8099 | D:8      | Reached skill level 1 in Invocations
  8209 | D:8      | Noticed Psyche
  8210 | D:8      | 8210 ||| Stepping ~*~*~tactically~*~*~ (stealth).
  8212 | D:8      | 8212 ||| INVOKING Heroism.
  8220 | D:8      | Killed Psyche
  8267 | D:8      | Noticed a troll
  8268 | D:8      | 8268 ||| INVOKING Heroism.
  8270 | D:8      | Killed a troll
  8271 | D:8      | Reached skill level 3 in Invocations
  8354 | D:8      | 8354 ||| Stepping ~*~*~tactically~*~*~ (stealth).
  8357 | D:8      | 8357 ||| Stepping ~*~*~tactically~*~*~ (stealth).
  8359 | D:8      | 8359 ||| INVOKING Heroism.
  8363 | D:8      | 8363 ||| Stepping ~*~*~tactically~*~*~ (stealth).
  8378 | D:8      | 8378 ||| Stepping ~*~*~tactically~*~*~ (hiding).
  8380 | D:8      | 8380 ||| INVOKING Heroism.
  8384 | D:8      | Reached XP level 10. HP: 63/63 MP: 9/12
  8412 | D:8      | 8412 ||| DROPPING +0 flail.
  8513 | D:8      | Reached skill level 10 in Axes
  8603 | D:8      | 8603 ||| Stepping ~*~*~tactically~*~*~ (hiding).
  8611 | D:8      | Reached skill level 3 in Dodging
  8722 | D:8      | 8722 ||| DROPPING +0 chain mail.
  8723 | D:8      | 8723 ||| UPGRADING to +0 plate armour.
  8733 | D:8      | 8733 ||| DROPPING +1 ring mail of cold resistance.
  8734 | D:8      | 8734 ||| DRINKING 2 bubbling grey potions.
  8835 | D:8      | 8835 ||| DRINKING 2 grey potions.
  8836 | D:8      | 8836 ||| DROPPING potion of ambrosia.
  8837 | D:8      | 8837 ||| DROPPING potion of degeneration.
  8863 | D:9      | 8863 ||| Stepping ~*~*~tactically~*~*~ (hiding).
  8870 | D:9      | 8870 ||| INVOKING Heroism.
  8872 | D:9      | 8872 ||| Stepping ~*~*~tactically~*~*~ (hiding).
  8876 | D:9      | 8876 ||| Stepping ~*~*~tactically~*~*~ (hiding).
  8877 | D:9      | 8877 ||| Stepping ~*~*~tactically~*~*~ (hiding).
  8878 | D:9      | 8878 ||| Stepping ~*~*~tactically~*~*~ (hiding).
  8882 | D:9      | 8882 ||| Stepping ~*~*~tactically~*~*~ (hiding).
  8889 | D:9      | 8889 ||| INVOKING Heroism.
  9041 | D:9      | 9041 ||| FLEEEEING.
  9042 | D:9      | 9042 ||| FLEEEEING.
  9043 | D:9      | 9043 ||| FLEEEEING.
  9044 | D:9      | 9044 ||| FLEEEEING.
  9045 | D:9      | 9045 ||| STAIRDANCE
  9121 | D:9      | 9121 ||| STAIRDANCE
  9160 | D:9      | 9160 ||| Stepping ~*~*~tactically~*~*~ (stealth).
  9162 | D:9      | 9162 ||| Stepping ~*~*~tactically~*~*~ (stealth).
  9164 | D:9      | 9164 ||| INVOKING Heroism.
  9171 | D:9      | Reached ** piety under Okawaru
  9191 | D:9      | 9191 ||| Stepping ~*~*~tactically~*~*~ (stealth).
  9193 | D:9      | 9193 ||| INVOKING Heroism.
  9209 | D:9      | 9209 ||| Stepping ~*~*~tactically~*~*~ (stealth).
  9220 | D:9      | 9220 ||| INVOKING Heroism.
  9245 | D:9      | 9245 ||| FLEEEEING.
  9246 | D:9      | 9246 ||| FLEEEEING.
  9247 | D:9      | 9247 ||| FLEEEEING.
  9248 | D:9      | 9248 ||| FLEEEEING.
  9249 | D:9      | 9249 ||| FLEEEEING.
  9250 | D:9      | 9250 ||| STAIRDANCE
  9283 | D:9      | 9283 ||| Stepping ~*~*~tactically~*~*~ (hiding).
  9420 | D:9      | 9420 ||| Stepping ~*~*~tactically~*~*~ (stealth).
  9504 | D:9      | 9504 ||| DRINKING 6 potions of curing.
  9504 | D:9      | 9504 ||| (to cure confusion)
  9515 | D:9      | 9515 ||| Stepping ~*~*~tactically~*~*~ (stealth).
  9521 | D:9      | Noticed Pikel
  9521 | D:9      | 9521 ||| Stepping ~*~*~tactically~*~*~ (stealth).
  9522 | D:9      | Noticed a two-headed ogre
  9523 | D:9      | 9523 ||| INVOKING Heroism.
  9528 | D:9      | Reached skill level 6 in Armour
  9541 | D:9      | Killed a two-headed ogre
  9543 | D:9      | Killed Pikel
  9646 | D:9      | Noticed a five-headed hydra
  9657 | D:9      | 9657 ||| READING 2 scrolls of identify.
  9657 | D:9      | 9657 ||| IDENTIFYING black potion
  9658 | D:9      | 9658 ||| READING 2 scrolls of teleportation.
  9658 | D:9      | a troll changed into a salamander
  9658 | D:9      | Noticed a salamander (shapeshifter)
  9677 | D:9      | 9677 ||| READING scroll of teleportation.
  9677 | D:9      | a salamander changed into a death drake
  9677 | D:9      | Noticed a death drake (shapeshifter)
  9724 | D:9      | Identified the +6 short sword of the Assorted Knives
                  | {vorpal, +Blink rElec Str+2}
  9749 | D:9      | Noticed a lindwurm
  9750 | D:9      | 9750 ||| INVOKING Heroism.
  9761 | D:9      | Killed a lindwurm
  9896 | D:9      | Reached *** piety under Okawaru
  9923 | D:9      | 9923 ||| READING scroll of enchant weapon.
  9923 | D:9      | 9923 ||| ENCHANTING +6 war axe.
  9941 | D:9      | 9941 ||| READING 2 scrolls of teleportation.
  9944 | D:9      | 9944 ||| FLEEEEING.
  9945 | D:9      | 9945 ||| FLEEEEING.
 10000 | D:9      | 10000 ||| INVOKING Heroism.
 10007 | D:9      | Reached XP level 11. HP: 68/68 MP: 11/14
 10037 | D:9      | 10037 ||| Stepping ~*~*~tactically~*~*~ (stealth).
 10038 | D:9      | 10038 ||| Stepping ~*~*~tactically~*~*~ (stealth).
 10089 | D:9      | 10089 ||| READING scroll of teleportation.
 10120 | D:9      | 10120 ||| Stepping ~*~*~tactically~*~*~ (stealth).
 10125 | D:9      | 10125 ||| Stepping randomly (stuck).
 10126 | D:9      | 10126 ||| Stepping randomly (stuck).
 10127 | D:9      | 10127 ||| Stepping randomly (stuck).
 10129 | D:9      | 10129 ||| Stepping randomly (stuck).
 10131 | D:9      | 10131 ||| Stepping randomly (stuck).
 10133 | D:9      | 10133 ||| Stepping randomly (stuck).
 10135 | D:9      | 10135 ||| Stepping randomly (stuck).
 10136 | D:9      | 10136 ||| Stepping randomly (stuck).
 10137 | D:9      | 10137 ||| Stepping randomly (stuck).
 10138 | D:9      | 10138 ||| Stepping randomly (stuck).
 10139 | D:9      | 10139 ||| Stepping randomly (stuck).
 10140 | D:9      | 10140 ||| Stepping randomly (stuck).
 10141 | D:9      | 10141 ||| Stepping randomly (stuck).
 10142 | D:9      | 10142 ||| Stepping randomly (stuck).
 10143 | D:9      | 10143 ||| Stepping randomly (stuck).
 10144 | D:9      | 10144 ||| Stepping randomly (stuck).
 10146 | D:9      | 10146 ||| Stepping randomly (stuck).
 10147 | D:9      | 10147 ||| Stepping randomly (stuck).
 10148 | D:9      | 10148 ||| Stepping randomly (stuck).
 10150 | D:9      | 10150 ||| Stepping randomly (stuck).
 10152 | D:9      | 10152 ||| Stepping randomly (stuck).
 10159 | D:9      | Reached skill level 11 in Axes
 10190 | D:9      | 10190 ||| Stepping randomly (stuck).
 10191 | D:9      | 10191 ||| Stepping randomly (stuck).
 10192 | D:9      | 10192 ||| Stepping randomly (stuck).
 10194 | D:9      | 10194 ||| Stepping randomly (stuck).
 10195 | D:9      | 10195 ||| Stepping randomly (stuck).
 10196 | D:9      | 10196 ||| Stepping randomly (stuck).
 10197 | D:9      | 10197 ||| Stepping randomly (stuck).
 10199 | D:9      | 10199 ||| Stepping randomly (stuck).
 10209 | D:9      | 10209 ||| INVOKING Heroism.
 10347 | D:9      | Identified the ring "Vimyc" {rElec rC++ Str+6 Dex-4}
 10360 | D:9      | 10360 ||| UPGRADING to ring "Vimyc" {rElec rC++ Str+6
                  | Dex-4}.
 10362 | D:9      | 10362 ||| UPGRADING to +6 ring of strength.
 10364 | D:9      | 10364 ||| Stepping randomly (stuck).
 10366 | D:9      | 10366 ||| Stepping randomly (stuck).
 10372 | D:9      | 10372 ||| Stepping randomly (stuck).
 10373 | D:9      | 10373 ||| Stepping randomly (stuck).
 10376 | D:9      | 10376 ||| INVOKING Heroism.
 10377 | D:9      | 10377 ||| SWAPPING to +2 vampiric morningstar.
 10385 | D:9      | Killed a five-headed hydra
 10386 | D:9      | 10386 ||| SWAPPING to +7 war axe.
 10494 | D:10     | Entered Level 10 of the Dungeon
 10500 | D:10     | 10500 ||| INVOKING Heroism.
 10535 | D:10     | You fall into a shaft and drop 1 floor!
 10560 | D:11     | 10560 ||| INVOKING Heroism.
 10563 | D:11     | Noticed a sixfirhy
 10601 | D:10     | Noticed Harold
 10602 | D:10     | 10602 ||| INVOKING Heroism.
 10602 | D:10     | Noticed Gastronok
 10605 | D:10     | 10605 ||| DRINKING 6 potions of curing.
 10605 | D:10     | 10605 ||| (to cure confusion)
 10613 | D:10     | Killed Harold
 10613 | D:10     | Reached **** piety under Okawaru
 10614 | D:10     | Reached skill level 9 in Fighting
 10615 | D:10     | HP: 16/71 [electric eel/bolt of electricity (2)]
 10622 | D:10     | 10622 ||| INVOKING Heroism.
 10628 | D:10     | Killed from afar by Gastronok

Levels and vault maps discovered:
D:1:      wheals_arrival_shading, layout_loops_ring,
          shapermc_ecumenical_altar_mp_urbaneastern
D:2:      layout_loops_ring, dreamdust_mushroom_princess
D:3:      layout_basic, lemuel_crystal_altar, mainiacjoe_overflow_two_lobes,
          ebering_ghost_disaster_area
D:4:      minmay_thinvault, layout_loops_corners, minmay_snake_closets,
          uniq_ijyb
D:5:      layout_loops_ring, serial_shops, shop
D:6:      layout_basic, mainiacjoe_overflow_brackets, lemuel_tele_altar,
          gammafunk_temple_overflow_statue
D:7:      layout_rooms, marbit_many_paths, nicolae_sif_muna_condensation,
          lemuel_temple_firewalk_b, hellmonk_ghost_happy_afterlife,
          hangedman_abyss_or_decor_jellyfish_corner
D:8:      layout_loops_ring, uniq_psyche
D:9:      layout_cave_pools, minmay_mirror_moons_of_madness, uniq_pikel
D:10:     layout_basic, overflow_temple_1_default,
          nicolae_kikubaaqudgha_miasma_corner, minmay_lair_entry_grove,
          david_orc_4, serial_shops, nicolae_diamond_shop, uniq_harold,
          uniq_gastronok
D:11:     layout_layer_cave, uniq_erolcha
Temple:   nicolae_temple_ecumenical_triangle

Skill      XL: |  1  2  3  4  5  6  7  8  9 10 11 |
---------------+----------------------------------+-----
Axes           | 2 3 4 5 6 7 8 9 10 11 | 11.0
Fighting       | 4 5 6 7 8 9 |  9.2
Dodging        | 1 2 3 |  3.0
Throwing       | 1 3 4 |  4.7
Shields        | 4 5 |  5.7
Invocations    | 3 4 |  4.1
Armour         | 6 |  6.2

Action                   |  1- 3 |  4- 6 |  7- 9 | 10-12 || total
-------------------------+-------+-------+-------+-------++-------
Melee: War axe           |   100 |   190 |   268 |   150 ||   708
       Morningstar       |       |       |       |     8 ||     8
Throw: Boomerang         |       |       |    33 |       ||    33
       Javelin           |       |       |     7 |    22 ||    29
Invok: Heroism           |       |       |     5 |    14 ||    19
  Use: Scroll            |     2 |     6 |    13 |     6 ||    27
       Potion            |       |     1 |     2 |     4 ||     7
Armor: Scale mail        |    54 |    18 |   138 |     4 ||   214
       Chain mail        |       |    85 |    21 |       ||   106
       Plate armour      |       |       |       |    75 ||    75
Dodge: Dodged            |    43 |    52 |   114 |    67 ||   276
Block: Buckler           |    23 |    29 |    51 |    37 ||   140

Table legend:
 A = Non-vault XP
 B = Vault XP
 C = Vault XP percentage of total XP
 D = Non-vault monster count
 E = Vault monster count
 F = Vault count percentage of total count
                 A         B        C        D         E       F
            +---------+---------+-------+---------+---------+-------
      Total |    7393 |    4898 |  39.9 |     206 |      37 |  15.2
            +---------+---------+-------+---------+---------+-------
        D:1 |      47 |       0 |   0.0 |      26 |       0 |   0.0
        D:2 |      87 |       0 |   0.0 |      26 |       0 |   0.0
        D:3 |      65 |       0 |   0.0 |      21 |       0 |   0.0
        D:4 |     296 |     423 |  58.8 |      20 |      26 |  56.5
        D:5 |     483 |       0 |   0.0 |      14 |       0 |   0.0
        D:6 |     811 |       0 |   0.0 |      18 |       0 |   0.0
        D:7 |     481 |     100 |  17.2 |      13 |       1 |   7.1
        D:8 |    2067 |     358 |  14.8 |      24 |       1 |   4.0
        D:9 |    2431 |    3125 |  56.2 |      36 |       8 |  18.2
       D:10 |     261 |     892 |  77.4 |       7 |       1 |  12.5
       D:11 |     364 |       0 |   0.0 |       1 |       0 |   0.0
            +---------+---------+-------+---------+---------+-------
